 Dungeon Crawl Stone Soup version 0.30-a0-266-g2b27a225a3 (webtiles) character file.

Game seed: 3647944727414932270

1907 Essalna the Zephyrmancer (level 9, -3/56 HPs)
             Began as a Tengu Air Elementalist on Oct 14, 2022.
             Was an Initiate of Vehumet.
             Slain by a vampire mosquito (10 damage)
             ... on level 7 of the Dungeon.
             The game lasted 00:14:33 (7051 turns).

Essalna the Zephyrmancer (Tengu Air Elementalist)   Turns: 7051, Time: 00:14:34

Health: -3/56      AC:  4    Str: 14    XL:     9   Next: 16%
Magic:  13/13      EV: 14    Int: 24    God:    Vehumet [......]
Gold:   322        SH:  0    Dex: 13    Spells: 4/12 levels left

rFire   . . .      SeeInvis .    i - +3 short sword (elec)
rCold   . . .      Faith    .    (no shield)
rNeg    . . .      Spirit   .    a - +0 robe
rPois   +          Reflect  .    (helmet restricted)
rElec   .          Harm     .    (no cloak)
rCorr   .          Rampage  .    l - +1 pair of gloves
Will    .....                    (boots unavailable)
Stlth   ++........               (no amulet)
HPRegen 1.09/turn                r - ring of poison resistance
MPRegen 0.13/turn                q - +6 ring of strength

@: flying quickly and evasively, studying Polearms, quick
A: beak, talons 3, nimble flight, clever 1, regeneration 1, subdued magic 1
a: Renounce Religion


You were on level 7 of the Dungeon.
You worshipped Vehumet.
Vehumet was noncommittal.
You visited 2 branches of the dungeon, and saw 8 of its levels.

You collected 322 gold pieces.

Inventory:

Hand Weapons
 i - a +3 short sword of electrocution (weapon)
Armour
 a - a +0 robe (worn)
 l - a +1 pair of gloves (worn)
 n - +0 steam dragon scales
Magical Staves
 y - a staff of conjuration
Jewellery
 q - a +6 ring of strength (right hand)
 r - a ring of poison resistance (left hand)
 v - a ring of fire
Wands
 w - a wand of paralysis (8)
 x - a wand of iceblast (3)
 A - a wand of digging (4)
Scrolls
 d - a scroll of enchant weapon
 h - 3 scrolls of silence
 k - 7 scrolls of identify
 p - 2 scrolls of amnesia
 s - a scroll of immolation
 t - 2 scrolls of enchant armour
 B - 2 scrolls of magic mapping
Potions
 c - a potion of curing {unknown}
 f - a potion of haste {unknown}
 g - 3 potions of attraction
 j - a potion of mutation
 m - 2 potions of flight {unknown}
 o - 2 potions of ambrosia
 u - 2 potions of brilliance {unknown}
 z - a potion of lignification {unknown}


   Skills:
 + Level 6.6 Fighting
 - Level 2.1 Dodging
 - Level 2.0 Stealth
 - Level 2.0 Spellcasting
 + Level 8.8 Conjurations
 + Level 9.6 Air Magic


You had 4 spell levels left.
You knew the following spells:

 Your Spells              Type           Power      Damage    Failure   Level
a - Shock                 Conj/Air       100%       1d9       1%          1
b - Swiftness             Air            37%        N/A       1%          3
c - Airstrike             Air            18%        2d(3-19)  1%          4

Your spell library contained the following spells:

 Spells                   Type           Power      Damage    Failure   Level
 Static Discharge         Conj/Air       72%        2-5/arc   1%          2
 Scorch                   Fire           2%         2d5       16%         2
 Flame Wave               Conj/Fire      18%        2d7       16%         4
 Inner Flame              Hex/Fire       1%         N/A       30%         3
 Cause Fear               Hex            0%         N/A       71%         4
 Summon Cactus Giant      Summ           0%         N/A       100%        6
 Discord                  Hex            0%         N/A       100%        8


Dungeon Overview and Level Annotations

Branches:
Dungeon (7/15)             Temple (1/1) D:4

Altars:
Ashenzari
Cheibriados
Dithmenos
Elyvilon
Fedhas
Gozag
Hepliaklqana
Kikubaaqudgha
Makhleb
Nemelex Xobeh
Okawaru
Qazlal
Sif Muna
Trog
Uskayaw
Vehumet
Wu Jian
Xom
Zin
The Shining One

Shops:
D:3 (

Annotations:
D:5 Edmund


Innate Abilities, Weirdness & Mutations

You have a beak for a mouth.
You have claws for feet.
Your magical nature lets you fly swiftly and evasively.
Your mind is acute. (Int +4, Str/Dex -1)
Your natural rate of healing is unusually fast.
Your spells are a little easier to cast, but a little less powerful.


Message History

The vampire mosquito draws strength from your injuries!
The vampire mosquito closely misses you.
The vampire mosquito misses you.
You're too confused to cast spells.
Unknown command.
The vampire mosquito attacks as you move away!
The vampire mosquito completely misses you.
The vampire mosquito bites you.
The vampire mosquito draws strength from your injuries!
The vampire mosquito bites you.
The vampire mosquito draws strength from your injuries!
You're too confused to move!
The vampire mosquito bites you.
The vampire mosquito draws strength from your injuries!
The vampire mosquito misses you.
The vampire mosquito completely misses you.
The vampire mosquito bites you!
* * * LOW HITPOINT WARNING * * *
The vampire mosquito draws strength from your injuries!
Okay, then.
Unknown command.
You are too confused!
You're too confused to cast spells.
Unknown command.
The vampire mosquito bites you!
* * * LOW HITPOINT WARNING * * *
The vampire mosquito draws strength from your injuries!
The vampire mosquito bites you but does no damage.
You feel less invigorated.
You feel less confused.
The vampire mosquito completely misses you.
The vampire mosquito bites you.
* * * LOW HITPOINT WARNING * * *
The vampire mosquito draws strength from your injuries!
The vampire mosquito barely misses you.
Okay, then.
It was a potion of mutation.
You feel extremely strange.
Your connection to magic feels subdued.
You begin to heal more quickly.
You feel clever. The vampire mosquito bites you!
You die...

.#.....#...........>.##
.#....## .............###
....### .#..............#
#...# .......†........#
.....................##.##
..#......)...........#...#
.##...........†........# .
..^.........###..†....##..
.............#.y@#........
...............y.#........
................##........
.......#...........##.....
.........###......#.......
..<##...## ##.#####.#...#.
.........## ### ## ..#
..........## .#
...........#


You could see 2 vampire mosquitoes.

Vanquished Creatures
  A steam dragon (D:7)
  A vampire mosquito (D:7)
  2 water moccasins
  An orc warrior (D:6)
  3 ice beasts
  2 ogres
  A bullfrog (D:6)
  A scorpion (D:6)
  A gnoll sergeant (D:7)
  3 killer bees (D:7)
  A howler monkey (D:6)
  3 orc priests (D:4)
  A hound (D:7)
  3 iguanas
  5 orc wizards
  3 gnolls (D:7)
  6 adders
  A shadow imp (D:6)
  A white imp (D:6)
  2 worms
  2 dart slugs
  19 orcs
  2 bats
  6 endoplasms
  3 giant cockroaches
  11 goblins
  11 hobgoblins
  6 jackals (D:1)
  7 kobolds
  2 quokkas (D:4)
  8 ball pythons
  9 frilled lizards
  5 rats
133 creatures vanquished.

Notes
Turn   | Place    | Note
-------+----------+-------------------------------------------
     0 | D:1      | Essalna the Tengu Air Elementalist began the quest for the
                  | Orb.
     0 | D:1      | Reached XP level 1. HP: 10/10 MP: 4/4
   200 | D:1      | Reached XP level 2. HP: 16/16 MP: 4/6
   441 | D:1      | Reached skill level 1 in Fighting
   651 | D:1      | Reached XP level 3. HP: 20/20 MP: 4/7
   894 | D:2      | Found a shimmering blue altar of Sif Muna.
  1272 | D:2      | Reached XP level 4. HP: 26/26 MP: 6/8
  1976 | D:3      | Reached skill level 5 in Air Magic
  2254 | D:3      | Found Sysaets's Weapon Emporium.
  2481 | D:3      | Learned a level 3 spell: Swiftness
  3029 | D:4      | Found a staircase to the Ecumenical Temple.
  3042 | D:4      | Gained mutation: Your magical nature lets you fly swiftly
                  | and evasively. [Tengu growth]
  3042 | D:4      | Reached XP level 5. HP: 31/31 MP: 2/9
  3048 | Temple   | Entered the Ecumenical Temple
  3294 | D:4      | Found a white marble altar of Elyvilon.
  3552 | D:4      | Reached skill level 6 in Air Magic
  3552 | D:4      | Reached XP level 6. HP: 32/37 MP: 0/10
  4500 | D:5      | Entered Level 5 of the Dungeon
  4645 | D:5      | Noticed a black bear
  4834 | D:6      | Reached skill level 5 in Conjurations
  4939 | D:6      | Noticed an ice beast
  4940 | D:6      | Noticed an orc warrior
  4956 | D:6      | Reached XP level 7. HP: 35/42 MP: 4/11
  5073 | D:7      | Reached skill level 7 in Air Magic
  5203 | D:7      | Found a radiant altar of Vehumet.
  5218 | D:7      | Became a worshipper of Vehumet
  5271 | D:7      | Noticed a vampire mosquito
  5424 | D:5      | Noticed Edmund
  5607 | D:6      | Learned a level 4 spell: Airstrike
  5787 | D:6      | Reached XP level 8. HP: 24/48 MP: 7/12
  5904 | D:6      | Reached skill level 5 in Fighting
  5914 | D:6      | Reached skill level 8 in Air Magic
  6692 | D:7      | Reached skill level 9 in Air Magic
  6898 | D:7      | Reached XP level 9. HP: 55/55 MP: 4/13
  7051 | D:7      | Gained mutation: Your spells are a little easier to cast,
                  | but a little less powerful. [potion of mutation]
  7051 | D:7      | Gained mutation: Your natural rate of healing is unusually
                  | fast. [potion of mutation]
  7051 | D:7      | Gained mutation: Your mind is acute. (Int +4, Str/Dex -1)
                  | [potion of mutation]
  7051 | D:7      | Slain by a vampire mosquito

Illustrated notes

Levels and vault maps discovered:
D:1:      roderic_dead_forest, layout_basic
D:2:      layout_basic, basic_altar, serial_forest,
          infiniplex_forest_clump_diagonal, infiniplex_forest_straight_2,
          infiniplex_forest_straight_4, infiniplex_forest_3_way
D:3:      layout_loops_cross, serial_shops, nicolae_shop_bloodbath_and_beyond,
          st_stairs_11, dreamdust_princess_bridge, serial_bayou_pond_d,
          minmay_misc_feat_pillars, minmay_misc_feat_encased,
          chequers_mini_garden, minmay_tree_intersection
D:4:      cheibrodos_greedy_goblins, layout_loops_corners, elyvilon_altar_4,
          minmay_temple_entry_tees
D:5:      layout_cave_pools, hangedman_decor_peaks_small,
          chequers_serial_rivers_large_b, uniq_edmund
D:6:      layout_loops_cross, minmay_manual_moon
D:7:      layout_cave_pools, mainiacjoe_overflow_boulevard
Temple:   nicolae_temple_bog_church

Skill      XL: |  1  2  3  4  5  6  7  8 |
---------------+-------------------------+-----
Conjurations   | 2 3 4 5 6 8 |  8.8
Fighting       | 1 2 3 4 6 |  6.6
Air Magic      | 5 6 7 9 |  9.6
Dodging        | |  2.1
Stealth        | |  2.0
Spellcasting   | |  2.0

Action                   |  1- 3 |  4- 6 |  7- 9 || total
-------------------------+-------+-------+-------++-------
Melee: Short sword       |    12 |    15 |    16 ||    43
       Kick              |     1 |     4 |     3 ||     8
       Peck              |       |     1 |     2 ||     3
 Cast: Shock             |    58 |   145 |   113 ||   316
       Airstrike         |       |       |    10 ||    10
  Use: Scroll            |       |    12 |     3 ||    15
       Potion            |       |       |     3 ||     3
Armor: Robe              |    10 |     4 |     8 ||    22
Dodge: Dodged            |    24 |    19 |    54 ||    97

Table legend: (Time is in decaauts)
 A = Elapsed time spent in this place.
 B = Non-inter-level travel time spent in this place.
 C = Inter-level travel time spent in this place.
 D = Time resting spent in this place.
 E = Time spent auto-exploring this place.
 F = Levels seen in this place.
 G = Mean time per level.
                   A        B        C        D        E       F      G
               +--------+--------+--------+--------+--------+-----+--------+
         Total |   6860 |   6637 |    223 |    262 |   5516 |   8 |  857.5 |
       Dungeon |   6682 |   6465 |    217 |    262 |   5356 |   7 |  954.6 |
        Temple |    178 |    173 |      5 |      0 |    159 |   1 |  178.0 |
               +--------+--------+--------+--------+--------+-----+--------+

Top non-repeatable levels by time:
     D:6: 1365 daAuts
     D:4: 1301 daAuts
     D:2: 1078 daAuts
     D:3: 951 daAuts
     D:1: 893 daAuts
     D:7: 865 daAuts
     D:5: 226 daAuts
  Temple: 178 daAuts
